 Dungeon Crawl Stone Soup version 0.29.1-13-g9f3cf754e1 (webtiles) character file.

Game seed: 13112031789318118012

1738 growler the Trooper (level 8, -16/67 (73) HPs)
             Began as a Demonspawn Wanderer on Jan 26, 2023.
             Was a Follower of Uskayaw.
             Demolished by a boulder beetle (26 damage)
             ... on level 7 of the Dungeon on Jan 27, 2023.
             The game lasted 00:21:32 (8627 turns).

growler the Trooper (Demonspawn Wanderer)           Turns: 8627, Time: 00:21:34

HP:   -16/67 (73)   AC: 11    Str: 13    XL:     8   Next: 77%
MP:   21/21         EV: 13    Int: 13    God:    Uskayaw [*.....]
Gold: 404           SH:  0    Dex: 15    Spells: 7/7 levels left

rFire   . . .      SeeInvis .   E - +0 falchion
rCold   . . .      Faith    .   (no shield)
rNeg    . . .      Spirit   .   b - +2 leather armour
rPois   .          Reflect  .   t - +0 helmet
rElec   +          Harm     .   M - +0 cloak
rCorr   .          Rampage  .   f - +1 pair of gloves
Will    +....                   (no boots)
Stlth   +.........              u - amulet of regeneration
HPRegen 1.01/turn               i - ring of magical power
MPRegen 0.34/turn               I - ring of willpower

@: drained
A: hooves 1, slimy green scales 1, ignite blood 1, magic regeneration, robust 1,
electricity resistance
a: Renounce Religion, Stomp


You were on level 7 of the Dungeon.
You worshipped Uskayaw.
Uskayaw was noncommittal.
You visited 2 branches of the dungeon, and saw 8 of its levels.

You collected 404 gold pieces.

Inventory:

Hand Weapons
 a - a +0 mace
 E - a +0 falchion (weapon)
 H - a +0 dagger of protection
Missiles
 C - 4 datura-tipped darts (quivered)
Armour
 b - a +2 leather armour (worn)
 f - a +1 pair of gloves (worn)
 k - a +0 kite shield
 t - a +0 helmet (worn)
 M - a +0 cloak (worn)
Jewellery
 i - a ring of magical power (left hand)
 o - a ring of ice
 q - a ring of magical power
 u - an amulet of regeneration (around neck)
 D - a ring of protection from cold
 I - a ring of willpower (right hand)
Wands
 x - a wand of roots (4)
 N - a wand of light (10)
Scrolls
 c - a scroll of poison {unknown}
 h - 2 scrolls of brand weapon
 n - 4 scrolls of teleportation
 p - a scroll of enchant armour {unknown}
 r - a scroll of amnesia {unknown}
 s - a scroll of blinking
 w - a scroll of torment {unknown}
 y - a scroll of summoning {unknown}
 A - a scroll of acquirement {unknown}
 B - 2 scrolls of enchant weapon {unknown}
 G - a scroll of immolation {unknown}
 K - a scroll of fear {unknown}
 L - 6 scrolls of identify
Potions
 d - 2 potions of might
 e - 7 potions of curing {unknown}
 g - 2 potions of flight {unknown}
 j - 2 potions of haste
 l - a potion of mutation
 m - a potion of attraction
 v - a potion of cancellation
 z - a potion of invisibility
 J - a potion of brilliance {unknown}
 O - 2 potions of degeneration {unknown}


   Skills:
 - Level 7.0 Fighting
 + Level 6.7 Long Blades
 - Level 1.0 Maces & Flails
 - Level 4.5 Dodging
 - Level 6.0 Invocations
 - Level 3.0 Evocations


You had 7 spell levels left.
You didn't know any spells.
Your spell library contained the following spells:

 Spells                   Type           Power      Damage    Failure   Level
 Static Discharge         Conj/Air       0%         3-3/arc   52%         2
 Gell's Gravitas          Tloc           0%         N/A       75%         3
 Lesser Beckoning         Tloc           0%         N/A       75%         3
 Ozocubu's Armour         Ice            0%         N/A       75%         3
 Portal Projectile        Hex/Tloc       0%         N/A       75%         3
 Teleport Other           Tloc           0%         N/A       75%         3
 Tukima's Dance           Hex            0%         N/A       75%         3
 Blade Hands              Tmut           0%         N/A       100%        5
 Lightning Bolt           Conj/Air       0%         1d11      100%        5
 Metabolic Englaciation   Hex/Ice        0%         N/A       100%        5
 Conjure Ball Lightning   Conj/Air       0%         3x3d6     100%        6
 Simulacrum               Ice/Necr       0%         N/A       100%        6
 Discord                  Hex            0%         N/A       100%        8
 Disjunction              Tloc           0%         N/A       100%        8
 Maxwell's Capacitive Co  Air            0%         ∞         100%        8


Dungeon Overview and Level Annotations

Branches:
Dungeon (7/15)             Temple (1/1) D:4

Altars:
Cheibriados
Fedhas
Gozag
Kikubaaqudgha
Makhleb
Nemelex Xobeh
Qazlal
Ru
Sif Muna
Trog
Uskayaw
Vehumet
Wu Jian
Xom
Yredelemnul

Annotations:
D:6 2 transporters, 1 runed translucent door, Crazy Yiuf; tizbic2's ghost, novice OgWn


Innate Abilities, Weirdness & Mutations

You have large cloven feet.
You are partially covered in slimy green scales. (AC +2)
Your demonic aura sometimes causes spilled blood to erupt in flames.
You regenerate magic rapidly.
You are robust. (+10% HP)
You are resistant to electric shocks. (rElec)


Message History

The boulder beetle is engulfed in blazing flames.
The boulder beetle closely misses you.
You hit the boulder beetle.
The boulder beetle is moderately wounded.
The boulder beetle bites you!!
You hit the boulder beetle but do no damage.
You kick the boulder beetle, but do no damage.
The boulder beetle is moderately wounded.
The boulder beetle is engulfed in blazing flames.
The boulder beetle closely misses you.
You hit the boulder beetle but do no damage.
You kick the boulder beetle, but do no damage.
The boulder beetle is moderately wounded.
The boulder beetle is engulfed in blazing flames.
The boulder beetle waves its antennae.
The boulder beetle bites you!!
Aiming: Polymorph
Press: ? - help, Shift-Dir - straight line, f - boulder beetle
Aim: a boulder beetle (moderately wounded, will become a goliath frog, a snapping turtle, or a deep troll, chance to affect: 38%)
The boulder beetle resists with some effort.
The boulder beetle misses you.
Aiming: Polymorph
Press: ? - help, Shift-Dir - straight line, f/p - boulder beetle
Aim: a boulder beetle (moderately wounded, will become a goliath frog, a snapping turtle, or a deep troll, chance to affect: 38%)
The boulder beetle resists with some effort.
The now-empty wand crumbles to dust.
The boulder beetle bites you!!
* * * LOW HITPOINT WARNING * * *
Aiming: Fastroot
Press: ? - help, Shift-Dir - straight line, f/p - boulder beetle
Aim: a boulder beetle (moderately wounded)
The roots erupt in riotous growth!
Roots grab the boulder beetle.
Roots grab the goblin.
The grasping roots constrict the goblin.
You kill the goblin!
The grasping roots constrict the boulder beetle, but do no damage.
You hear a bark!
Something shouts, "Slither home, thou plume-plucked hell-hated flim-flammer!"
The boulder beetle bites you!!
You die...

.... # ##.# ##.#####+#
#..... ..... #..~~~ ~~..
### #######+##..B# ###~B.
#<# .......○..○.≈#...#≈..
#.#.#######g###.~#.∩.#~..
#.#.....@Bg.....~#...#~..
#.#.##.####.:...~##.##~..
#.# # #####..~~~~~~~..
#.# ................. #.#
######.##.....#+# #.#
#.##.....#.# #.#
#.##.....+.. #.#
#.##.....#.# #.#
...........#


You could see a boulder beetle (rooted) and 2 goblins.

Vanquished Creatures
  2 black bears
  A wolf (D:6)
  A centaur (D:4)
  A kobold brigand (D:7)
  A bullfrog (D:6)
  A necrophage (D:6)
  3 scorpions
  3 wights
  6 killer bees
  A quasit (D:5)
  A hound (D:5)
  4 jellies
  An orc priest (D:6)
  3 iguanas
  An orc wizard (D:4)
  A mummy (D:4)
  4 gnolls (D:5)
  A river rat (D:6)
  8 adders
  A white imp (D:7)
  3 ufetubi
  A worm (D:4)
  2 dart slugs (D:1)
  18 orcs
  8 ball pythons
  5 endoplasms
  4 giant cockroaches
  9 goblins
  13 hobgoblins
  10 kobolds
  2 quokkas
  A bat (D:3)
  4 frilled lizards
  A goblin skeleton (D:5)
  2 goblin zombies (D:5)
  2 kobold skeletons (D:5)
  3 kobold zombies
  An orc skeleton (D:5)
  A rat (D:3)
135 creatures vanquished.

Notes
Turn   | Place    | Note
-------+----------+-------------------------------------------
     0 | D:1      | growler the Demonspawn Wanderer began the quest for the
                  | Orb.
     0 | D:1      | growler set off with the following items: a +0 mace, a +2
                  | leather armour, a potion of mutation, a potion of might.
     0 | D:1      | Reached XP level 1. HP: 13/13 MP: 1/1
    50 | D:1      | Gained mutation: You are robust. (+10% HP) [potion of
                  | mutation]
    50 | D:1      | Gained mutation: You are resistant to electric shocks.
                  | (rElec) [potion of mutation]
    55 | D:1      | Reached skill level 1 in Fighting
   385 | D:1      | Gained mutation: Your demonic aura sometimes causes spilled
                  | blood to erupt in flames. [demonic ancestry]
   385 | D:1      | Reached XP level 2. HP: 15/23 MP: 2/2
  1003 | D:1      | Found Figiez's Distillery.
  1012 | D:1      | Reached skill level 2 in Fighting
  1308 | D:2      | Gained mutation: You regenerate magic rapidly. [demonic
                  | ancestry]
  1308 | D:2      | Reached XP level 3. HP: 30/30 MP: 3/3
  1348 | D:2      | Reached skill level 3 in Fighting
  1775 | D:2      | Gained mutation: You have large cloven feet. [demonic
                  | ancestry]
  1775 | D:2      | Reached XP level 4. HP: 29/38 MP: 4/4
  1998 | D:2      | You fall into a shaft and drop 1 floor!
  2165 | D:3      | Noticed a black bear
  2173 | D:3      | Killed a black bear
  2174 | D:3      | Reached skill level 4 in Fighting
  2174 | D:3      | Reached XP level 5. HP: 40/47 MP: 5/5
  2906 | D:3      | Reached skill level 5 in Fighting
  2926 | D:3      | HP: 2/48 [orc/+0 mace (5)]
  3352 | D:3      | Found a faded altar of an unknown god.
  3452 | D:4      | Found a staircase to the Ecumenical Temple.
  3461 | Temple   | Entered the Ecumenical Temple
  3790 | D:4      | Found an ornate altar of the Wu Jian Council.
  4087 | D:4      | Found a radiant altar of Vehumet.
  4977 | D:4      | Gained mutation: You are partially covered in slimy green
                  | scales. (AC +2) [demonic ancestry]
  4977 | D:4      | Reached XP level 6. HP: 45/57 MP: 6/6
  5034 | D:4      | Reached skill level 6 in Fighting
  5301 | D:5      | Entered Level 5 of the Dungeon
  5341 | Temple   | Became a worshipper of Uskayaw the Reveller
  5680 | D:5      | Reached * piety under Uskayaw
  5683 | D:5      | Reached ** piety under Uskayaw
  5723 | D:5      | Reached skill level 1 in Long Blades
  5795 | D:5      | Reached XP level 7. HP: 63/64 MP: 9/9
  5965 | D:5      | Reached skill level 7 in Fighting
  5988 | D:5      | Reached *** piety under Uskayaw
  6041 | D:5      | Found an ancient bone altar of Kikubaaqudgha.
  6052 | D:5      | Found a stormy altar of Qazlal.
  6513 | D:6      | Noticed tizbic2's ghost (novice OgWn)
  6513 | D:6      | Found a transporter.
  6513 | D:6      | Found a transporter.
  6536 | D:6      | Noticed a queen bee
  6547 | D:5      | Reached skill level 5 in Invocations
  6745 | D:6      | Reached XP level 8. HP: 68/73 MP: 12/12
  7245 | D:6      | Reached skill level 5 in Long Blades
  7565 | D:6      | Found a runed translucent door.
  7566 | D:6      | Noticed Crazy Yiuf
  7906 | D:7      | Found a burning altar of Makhleb.
  8090 | D:7      | Noticed a boulder beetle
  8304 | D:7      | Found a shimmering blue altar of Sif Muna.
  8627 | D:7      | Demolished by a boulder beetle

Illustrated notes

Levels and vault maps discovered:
D:1:      nzn_arrival_settlement, layout_loops_cross, serial_shops, shop,
          grunt_decor_mini_mirrors, dreamdust_princess_bridge,
          hangedman_abyss_or_decor_stabs
D:2:      layout_rooms, hangedman_feature_mirror
D:3:      layout_basic, hellmonk_ecumenical_altar_defaced_shrine
D:4:      minmay_razor_zed, layout_loops_corners,
          mainiacjoe_overflow_concentric_impassable,
          nicolae_wu_jian_immortal_techniques, minmay_temple_entry_junction,
          nicolae_ossuary_entry_giza
D:5:      layout_basic, nicolae_tso_besieged_by_evil,
          mainiacjoe_overflow_catwalk_spiral, serial_glass, glass_columns_b,
          glass_columns_a
D:6:      layout_loops_cross, gammafunk_ghost_hive, serial_park_tiny_1,
          uniq_crazy_yiuf_cottage
D:7:      layout_basic, led_sif_pool, bloody_makhleb, enter_bailey_3
Temple:   minmay_temple_curvy_loop

Skill      XL: |  1  2  3  4  5  6  7  8 |
---------------+-------------------------+-----
Fighting       | 1 2 3 4 5 6 7 |  7.0
Long Blades    | 1 3 6 |  6.7
Invocations    | 2 5 6 |  6.0
Maces & Flails | |  1.0
Dodging        | |  4.5
Evocations     | |  3.0

Action                   |  1- 3 |  4- 6 |  7- 9 || total
-------------------------+-------+-------+-------++-------
Melee: Mace              |   127 |   145 |       ||   272
       Punch             |     2 |     3 |     3 ||     8
       Kick              |       |    41 |    78 ||   119
       Falchion          |       |    26 |   250 ||   276
       Dagger            |       |       |     4 ||     4
Invok: Stomp             |       |       |     4 ||     4
Evoke: Wand              |       |       |     7 ||     7
  Use: Potion            |     2 |       |       ||     2
       Scroll            |       |     4 |     2 ||     6
 Stab: Sleeping          |       |     1 |     2 ||     3
       Paralysed         |       |       |     3 ||     3
Armor: Leather armour    |    48 |    64 |   153 ||   265
Dodge: Dodged            |    98 |   148 |   274 ||   520
